 Dungeon Crawl Stone Soup version 0.31-a0-303-gdc8c9485ea (webtiles) character file.

Game seed: 12577429169642576881

637 LeprechaunX the Changeling (level 7, -2/48 HPs)
             Began as an Octopode Shapeshifter on July 17, 2023.
             Slain by an orc warrior
             ... wielding a +0 scimitar
              (5 damage)
             ... on level 6 of the Dungeon.
             The game lasted 00:06:33 (3258 turns).

LeprechaunX the Changeling (Octopode Shapeshifter)  Turns: 3258, Time: 00:06:34

Health: -2/48      AC:  1    Str: 16    XL:     7   Next: 50%
Magic:  7/7        EV: 13    Int: 13    God:
Gold:   357        SH:  0    Dex: 12    Spells: 6/6 levels left

rFire   . . .        y - +1 spear "Sem Yrumm" {drain, +Blink rN+ Int+2}
rCold   . . .        n - orb {light}
rNeg    + . .        (helmet currently unavailable)
rPois   +            (no amulet)
rElec   .            z - ring of poison resistance
rCorr   .            (no ring)
SInv    .            (no ring)
Will    .....        (no ring)
Stlth   +            (no ring)
HPRegen 0.28/turn    (no ring)
MPRegen 0.10/turn    (no ring)
                     (no ring)

%: no passive effects
@: beast-form, glowing
A: beast (slay +3), almost no armour, amphibious, 8 rings, camouflage 1,
gelatinous body 1, (nimble swimmer 1), tentacles
a: Begin Untransformation, Evoke Blink


You were on level 6 of the Dungeon.
You were a hulking beast.
You visited 1 branch of the dungeon, and saw 6 of its levels.

You collected 357 gold pieces.

Inventory:

Hand Weapons
 k - a +0 battleaxe
 u - a +3 flail
 y - the +1 spear "Sem Yrumm" (weapon) {drain, +Blink rN+ Int+2}
   (You found it on level 4 of the Dungeon)

   Int:       It affects your intelligence (+2).
   rN:        It protects you from negative energy.
   +Blink:    It lets you blink.
Missiles
 l - 4 javelins (quivered)
 m - 5 poisoned darts
 t - 2 throwing nets
Armour
 n - an orb of light (worn)
Jewellery
 z - a ring of poison resistance (left tentacle)
Talismans
 b - a beast talisman
Wands
 C - a wand of light (13)
Scrolls
 c - a scroll of enchant armour {unknown}
 d - 7 scrolls of identify {unknown}
 e - a scroll of amnesia {unknown}
 f - a scroll of noise {unknown}
 j - a scroll of enchant weapon {unknown}
 o - a scroll of fear {unknown}
 p - a scroll of immolation {unknown}
 q - 3 scrolls of fog {unknown}
 s - a scroll of vulnerability {unknown}
 w - a scroll of teleportation {unknown}
Potions
 a - a potion of lignification
 g - 2 potions of might {unknown}
 h - a potion of curing {unknown}
 i - 3 potions of haste {unknown}
 r - a potion of degeneration {unknown}
 v - a potion of cancellation {unknown}
 x - a potion of invisibility {unknown}
 A - a potion of brilliance {unknown}
 B - 2 potions of heal wounds {unknown}


   Skills:
 + Level 4.2 Fighting
 - Level 0.2(1.0) Maces & Flails
 + Level 1.5 Staves
 - Level 2.0 Dodging
 + Level 4.2 Unarmed Combat
 * Level 5.4 Shapeshifting


You had 6 spell levels left.
You didn't know any spells.
Your spell library contained the following spells:

 Spells                   Type           Power      Damage    Failure   Level
 Summon Small Mammal      Summ           0%         N/A       30%         1
 Blink                    Tloc           0%         N/A       43%         2
 Lesser Beckoning         Tloc           0%         N/A       43%         2
 Momentum Strike          Conj/Tloc      0%         3d8       43%         2
 Call Canine Familiar     Summ           0%         N/A       67%         3
 Summon Guardian Golem    Hex/Summ       0%         N/A       67%         3


Dungeon Overview and Level Annotations

Branches:
Dungeon (6/15)
 Temple: D:4-7

Altars:
Ashenzari
Qazlal
Sif Muna
Trog
Wu Jian

Shops:
D:5 *

Annotations:
D:5 1 runed translucent door, knightboat's ghost, amateur VSFi
D:6 2 runed translucent doors


Innate Abilities, Weirdness & Mutations

You are a hulking beast.
Your limbs bulge with bestial killing power. (Slay +3)
You cannot wear most types of armour.
You are amphibious.
You can wear up to eight rings at the same time.
Your skin changes colour to match your surroundings (Stealth+).
Your rubbery body absorbs attacks. (AC +1, EV +1)
((You are camouflaged when in or above water. (Stealth+)))
You have tentacles for arms and can constrict up to eight enemies at once.


Message History

The orc warrior is lightly wounded.
You constrict the orc warrior, but do no damage.
The orc warrior barely misses you.
You hit the orc warrior but do no damage.
The orc warrior is lightly wounded.
You constrict the orc warrior.
The orc warrior hits you with a +0 scimitar!
You hit the orc warrior but do no damage.
You drain the orc warrior.
You tentacle-slap the orc warrior, but do no damage.
The orc warrior is moderately wounded.
You constrict the orc warrior, but do no damage.
The orc warrior hits you with a +0 scimitar!
The orc closely misses you.
You hit the orc warrior.
You squeeze the orc warrior, but do no damage.
The orc warrior is heavily wounded.
You constrict the orc warrior, but do no damage.
The orc warrior closely misses you. The orc barely misses you.
You hit the orc warrior but do no damage.
You drain the orc warrior. You squeeze the orc warrior.
The orc warrior is severely wounded.
You constrict the orc warrior, but do no damage.
The orc warrior hits you with a +0 scimitar!
* * * LOW HITPOINT WARNING * * *
The orc hits you with a +0 hand axe.
* * * LOW HITPOINT WARNING * * *
You hit the orc warrior but do no damage.
You squeeze the orc warrior.
The orc warrior is severely wounded.
You constrict the orc warrior, but do no damage.
The orc warrior hits you with a +0 scimitar.
* * * LOW HITPOINT WARNING * * *
The orc completely misses you.
You hit the orc warrior but do no damage.
You squeeze the orc warrior, but do no damage.
The orc warrior is severely wounded.
You constrict the orc warrior.
The orc warrior hits you with a +0 scimitar.
You die...

......####..........[....#
....... ###.#..........##
....... ####....###.....##
...##. .....####.......#
....## #.......# ## ....#
#.......#
##..#.#.###......##
#....o#.##..#...##
#../.oh.#..######
>.....##...#### .....
#......# .... ##).##.# ###
#...# # ....# ......
.....## .....#


You could see an orc warrior (very drained) and an orc.

Vanquished Creatures
  Menkaure (D:4)
  A black bear (D:6)
  An ogre (D:5)
  A hound (D:4)
  2 sleepcaps (D:6)
  2 iguanas
  An orc wizard (D:4)
  7 gnolls (D:4)
  4 adders
  A worm (D:3)
  A dart slug (D:2)
  6 orcs
  5 endoplasms
  A giant cockroach (D:2)
  5 hobgoblins
  8 jackals
  5 kobolds
  3 quokkas
  11 ball pythons
  4 bats (D:1)
  2 frilled lizards
  6 goblins
  2 rats (D:1)
80 creatures vanquished.

Notes
Turn   | Place    | Note
-------+----------+-------------------------------------------
     0 | D:1      | LeprechaunX the Octopode Shapeshifter began the quest for
                  | the Orb.
     0 | D:1      | Reached XP level 1. HP: 14/14 MP: 1/1
   133 | D:1      | Reached XP level 2. HP: 19/19 MP: 2/2
   530 | D:2      | Reached XP level 3. HP: 22/25 MP: 3/3
  1321 | D:3      | Reached XP level 4. HP: 26/30 MP: 4/4
  1328 | D:3      | Found a stormy altar of Qazlal.
  1328 | D:3      | Found an ornate altar of the Wu Jian Council.
  1336 | D:3      | Found a faded altar of an unknown god.
  1464 | D:3      | Reached skill level 4 in Shapeshifting
  1645 | D:3      | Found a bloodstained altar of Trog.
  1778 | D:4      | Noticed Menkaure
  1787 | D:4      | Reached XP level 5. HP: 23/36 MP: 5/5
  1795 | D:4      | Killed Menkaure
  1796 | D:4      | Reached XP level 6. HP: 12/42 MP: 6/6
  2464 | D:4      | Found a shimmering blue altar of Sif Muna.
  2523 | D:4      | Identified the +1 spear "Sem Yrumm" {drain, +Blink rN+
                  | Int+2}
  2544 | D:5      | Entered Level 5 of the Dungeon
  2617 | D:5      | Found Yzeepp's Overcharged Wands.
  2645 | D:5      | Reached skill level 5 in Shapeshifting
  2645 | D:5      | Reached XP level 7. HP: 47/47 MP: 7/7
  2647 | D:5      | Found a runed translucent door.
  2726 | D:5      | Found a broken altar of Ashenzari.
  2979 | D:5      | Noticed knightboat's ghost (amateur VSFi)
  3117 | D:6      | Reached skill level 1 in Staves
  3228 | D:6      | Found a large runed translucent door.
  3229 | D:6      | Found a large runed translucent door.
  3258 | D:6      | Slain by an orc warrior

Illustrated notes

Levels and vault maps discovered:
D:1:      saegor_arrival_simple_b, layout_rooms
D:2:      layout_basic
D:3:      layout_basic, general_overflow_altar,
          chequers_temple_overflow_statue_of_worship,
          ebering_ecumenical_altar_webs, reono_crystal_passage
D:4:      layout_loops_ring, kennysheep_orc_sif_temple, feat_on_display,
          uniq_menkaure
D:5:      layout_loops_cross, mainiacjoe_overflow_chevrons,
          ebering_ghost_sewer_d, minivault_19, nicolae_shop_overcharged_wands
D:6:      layout_rooms, jmf_multi_god_temple2, gammafunk_ghost_nasty_kobolds

Skill      XL: |  1  2  3  4  5  6  7 |
---------------+----------------------+-----
Shapeshifting  | 4 5 |  5.4
Fighting       | 3 4 |  4.2
Unarmed Combat | 3 4 |  4.2
Staves         | 1 |  1.5
Maces & Flails | |  0.2
Dodging        | |  2.0

Action                     |  1- 3 |  4- 6 |  7- 9 || total
---------------------------+-------+-------+-------++-------
  Melee: Unarmed           |    71 |    42 |       ||   113
         Constrict         |    19 |    15 |     9 ||    43
         Tentacles         |     9 |     9 |    10 ||    28
         Punch             |     2 |     1 |     1 ||     4
         Flail             |       |     7 |       ||     7
         Spear             |       |     4 |    27 ||    31
  Throw: Javelin           |       |     7 |     1 ||     8
         Dart              |       |     1 |       ||     1
   Stab: Sleeping          |    10 |     2 |       ||    12
 Armour: Skin              |     2 |     3 |       ||     5
  Dodge: Dodged            |    35 |    34 |    10 ||    79

Table legend: (Time is in decaauts)
 A = Elapsed time spent in this place.
 B = Non-inter-level travel time spent in this place.
 C = Inter-level travel time spent in this place.
 D = Time resting spent in this place.
 E = Time spent auto-exploring this place.
 F = Levels seen in this place.
 G = Mean time per level.
                   A        B        C        D        E       F      G
               +--------+--------+--------+--------+--------+-----+--------+
         Total |   3258 |   3125 |    133 |     14 |   2525 |   6 |  543.0 |
       Dungeon |   3258 |   3125 |    133 |     14 |   2525 |   6 |  543.0 |
               +--------+--------+--------+--------+--------+-----+--------+

Top non-repeatable levels by time:
     D:2: 806 daAuts
     D:4: 788 daAuts
     D:5: 560 daAuts
     D:1: 497 daAuts
     D:3: 451 daAuts
     D:6: 153 daAuts
